Unix NetHack Version 5.0.0-0 post-release - last build May 17 2026 04:57:42 (dc50c8380fa5e20985bfe3072449f57b8d9895ef,branch:main).

Game began 2026-05-17 05:14:40, ended 2026-05-17 21:18:39.

Brudee, chaotic female human Monk

                                          ------
      --------      #################     |....|
      |......|        --------------#    #.....|              -------
      |.......##      |...........%|#    #|....|            ##......|
      |...*..| #######.......>.....|#    #|....|            # |.x...|
      ------|-        |............|#    #|^...|            # --|----
        #####         |.........@Z.|#   ##|(...|            #   ###
        #             |............|#   # -.----            #     #
        #             ----.-------Z-############################# ##
        #                 ##      ##### #   #               #  -.--|----
  ------.--                           #####                ##  |..{....|
  |........####                         # ##     #         #   |.......|
  |.......|                             #  ########        #   |.......|
  |.......+                             #   -----.------.--#   +.......|
  |.......|                             #   |.....F.......-#   |.......|
  ---------             -------+------  #   |.............|    ---------
                        |..<.........|###   |.............|
                        |.............#     ---------------
                        --------------

Brudee the Novice               St:16 Dx:15 Co:11 In:10 Wi:11 Ch:13  Chaotic S:1423
Dlvl:5  $:173 HP:0(33) Pw:31(31) AC:3  Xp:5/235 T:3629 

Latest messages:
 The gray ooze bites!
 Your robe is not affected by oxidation.
 You hit the gray ooze!
 You feel more confident in your fighting skills.
 (Tip: use the #enhance command to advance them.)
 You kill the gray ooze!
 You are now more skilled in martial arts.
 You stop waiting.
 The gecko bites!
 You kill the gecko!
 You see here a gecko corpse.
 Y - a gecko corpse.
 What do you want to sacrifice? [Y or ?*] Y
 Your sacrifice is consumed in a burst of flame!
 You stop waiting.
 The iguana bites!
 You hit the iguana!
 You kill the iguana!
 The ghoul hits!
 You are frozen by the ghoul!
 The ghoul misses!
 The ghoul just misses!
 The ghoul hits!
 The ghoul hits!
 The ghoul hits again!
 The ghoul hits!
 The ghoul hits again!
 The elf zombie hits!
 The ghoul hits!
 The ghoul hits again!
 You can move again.
 In what direction? n
 You kick the elf zombie.
 In what direction? n
 You kick the elf zombie.
 The elf zombie hits!
 In what direction? n
 You kick the elf zombie.
 You destroy the elf zombie!
 In what direction? l
 You kick the elf zombie.
 The elf zombie hits!
 In what direction? l
 You kick the elf zombie.
 The elf zombie hits!
 You hit the elf zombie!
 The elf zombie hits!
 You die...
 Do you want your possessions identified? [ynq] (y) y
 Do you want to see your attributes? [ynq] (y) q

Inventory:
 Coins    ('$')
  $ - 173 gold pieces
 Amulets  ('"')
  B - a cursed amulet of ESP
 Armor    ('[')
  a - an uncursed +2 pair of leather gloves (being worn)
  s - an uncursed +0 pair of water walking boots (being worn)
  o - an uncursed +0 alchemy smock with text "Don't make me poison you"
  b - an uncursed +1 robe (being worn)
  L - an uncursed +0 T-shirt with text "rock--paper--scissors--lizard--Spock!" (being worn)
 Comestibles  ('%')
  z - an uncursed slime mold
  f - 6 uncursed apples
  e - 2 uncursed food rations
  h - 5 uncursed fortune cookies
  C - an uncursed melon
  g - 6 uncursed oranges
  u - an uncursed tripe ration
  x - an uncursed rotten tin of coyote meat
 Scrolls  ('?')
  Q - a cursed scroll of blank paper
  J - an uncursed scroll of earth
  m - an uncursed scroll of enchant armor
  q - 3 uncursed scrolls of enchant weapon
  F - an uncursed scroll of identify
  c - an uncursed scroll of light
 Spellbooks  ('+')
  G - an uncursed spellbook of jumping
 Potions  ('!')
  H - an uncursed potion of hallucination
  w - an uncursed potion of healing
  M - a cursed potion of healing
  v - an uncursed potion of monster detection
  E - an uncursed potion of paralysis
  j - a cursed potion of sickness
  d - 3 potions of holy water
 Rings    ('=')
  k - an uncursed ring of warning (on right hand)
 Wands    ('/')
  t - a wand of digging (0:4)
 Tools    ('(')
  r - an empty uncursed sack
 Gems/Stones  ('*')
  W - 2 uncursed worthless pieces of red glass

Brudee the Monk's attributes:

Background:
 You were a Novice, a level 5 female human Monk.
 You were chaotic, on a mission for Huan Ti
 who was opposed by Shan Lai Ching (lawful) and Chih Sung-tzu (neutral).
 You were right-handed.
 You were in the Dungeons of Doom, on level 5.
 You entered the dungeon 3629 turns ago.
 There was a new moon in effect when your adventure ended.
 You had 235 experience points, 85 more were needed to attain level 6.
 Your score was 1423 before end-of-game adjustments.

Basics:
 You had 0 out of 33 hit points.
 You had all 31 energy points (spell power).
 Your armor class was 3.
 Your wallet contained 173 zorkmids.
 Autopickup was on for '$!=+?/"' plus thrown.

Final Characteristics:
 Your strength was 16 (limit:18/100).
 Your dexterity was 15 (limit:18).
 Your constitution was 11 (limit:18).
 Your intelligence was 10 (limit:18).
 Your wisdom was 11 (peak:12, limit:18).
 Your charisma was 13 (limit:18).

Final Status:
 You weren't hungry.
 You were unencumbered.
 You were empty handed.
 You were skilled in martial arts.

Final Attributes:
 You were piously aligned.
 You were sleep resistant.
 You were poison resistant.
 You saw invisible.
 You were warned.
 You were stealthy.
 You could walk on water.
 You were guarded.
 Your spell casting was enhanced by wearing a robe.
 You were fast.
 You are dead.

Miscellaneous:
 You didn't encounter any bones levels.
 Total elapsed playing time was 25 minutes and 20 seconds.

Major events:
 Turn
    1: Brudee the chaotic female human Monk entered the dungeon
  887: attained the rank of Novice (level 3)
 3629: killed by an elf zombie

Spells:
 Name                 Level Category     Fail Retention
 protection             1   clerical       0%  76%-100%

Skills:
 Fighting Skills
   martial arts       [Skilled]
 Weapon Skills
   quarterstaff       [Unskilled]
   spear              [Unskilled]
   crossbow           [Unskilled]
   shuriken           [Unskilled]
 Spellcasting Skills
   attack spells      [Unskilled]
   healing spells     [Basic]
   divination spells  [Unskilled]
   enchantment spells [Unskilled]
   clerical spells    [Unskilled]
   escape spells      [Unskilled]
   matter spells      [Unskilled]

Voluntary challenges:
 Character rerolling was not enabled.
 You followed a strict vegan diet.
 You never hit with a wielded weapon.
 You never genocided any monsters.
 You never polymorphed an object.
 You never changed form.
 You used no wishes.
Achievements:
 You entered a shop.
 You attained the rank of Novice.

 The Dungeons of Doom: levels 1 to 7
    Level 1:
       Some fountains.
    Level 2:
    Level 3:
       A general store, a fountain.
    Level 4:
       A food shop, a sink.
    Level 5: <- You were here.
       An altar to Huan Ti, a fountain.
       Final resting place for
          you, killed by an elf zombie.
    Level 6:
    Level 7:
       A fountain.


Vanquished creatures:
  a gnome mummy
  a shrieker
  a gnome leader
  a kobold mummy
  a gray ooze
 an elf zombie
  a paper golem
  2 giant ants
  a floating eye
  a hill orc
  2 rothes
  2 centipedes
  2 orc zombies
  a werejackal
  2 iguanas
 an acid blob
  a coyote
  a large kobold
  2 cave spiders
  a green mold
  4 garter snakes
  5 geckos
  9 jackals
  a fox
  4 grid bugs
  2 bats
  7 lichens
  a newt
59 creatures vanquished.

No species were genocided or became extinct.

Game over:
                       ----------
                      /          \
                     /    REST    \
                    /      IN      \
                   /     PEACE      \
                  /                  \
                  |      Brudee      |
                  |      173 Au      |
                  | killed by an elf |
                  |      zombie      |
                  |                  |
                  |                  |
                  |       2026       |
                 *|     *  *  *      | *
        _________)/\\_//(\/(/\)/\//\/|_)_______

Goodbye Brudee the Monk...

You died in The Dungeons of Doom on dungeon level 5 with 1406 points,
and 173 pieces of gold, after 3629 moves.
You were level 5 with a maximum of 33 hit points when you died.

